 Dungeon Crawl Stone Soup version 0.29.0-4-gdea44cf6ec (webtiles) character file.

Game seed: 16739974064107337428

11848 qw the Grappler (level 11, 0/104 HPs)
             Began as a Troll Cinder Acolyte on Aug 31, 2022.
             Was a Believer of Okawaru.
             Succumbed to a black mamba's poison
             ... on level 2 of the Lair of Beasts.
             The game lasted 00:05:38 (9643 turns).

qw the Grappler (Troll Cinder Acolyte)              Turns: 9643, Time: 00:05:38

Health: 0/104      AC: 14    Str: 39    XL:     11   Next: 54%
Magic:  8/12       EV:  9    Int: 14    God:    Okawaru [**....]
Gold:   1009       SH: 16    Dex:  5    Spells: 12/12 levels left

rFire   . . .      SeeInvis +     - Unarmed
rCold   . . .      Faith    .   f - +0 kite shield
rNeg    . . .      Spirit   .   a - +0 robe
rPois   .          Reflect  +   h - +0 mask of the Dragon {Will+ Slay+3 SInv}
rElec   .          Harm     .   n - +5 cloak of Makhleb's Inspiration {Str+5 Int+4}
rCorr   .          Rampage  .   (gloves unavailable)
Will    +....                   (boots unavailable)
Stlth   ++........              m - amulet of reflection
HPRegen 1.07/turn               j - +4 ring of protection
MPRegen 0.13/turn               k - +6 ring of strength

@: lethally poisoned (0 -> -3), heroic, fire susceptible
A: large, unfitting armour, claws 3, regeneration 1, shaggy fur 1, tough skin 1
a: Renounce Religion, Heroism


You were on level 2 of the Lair of Beasts.
You worshipped Okawaru.
Okawaru was pleased with you.
You visited 3 branches of the dungeon, and saw 14 of its levels.
You also visited: Sewer.

You collected 1294 gold pieces.
You spent 285 gold pieces at shops.


Innate Abilities, Weirdness & Mutations

You are too large for most types of armour.
You have claws for hands.
Your natural rate of healing is unusually fast.
You are covered in fur. (AC +1)
You have tough skin. (AC +1)


   Skills:
 - Level 5.5(10.5) Fighting
 - Level 1.6(6.6) Throwing
 - Level 1.0(6.0) Armour
 - Level 1.8(6.8) Dodging
 - Level 10.0(15.0) Shields
 + Level 13.1(18.1) Unarmed Combat
 - Level 1.0 Spellcasting
 - Level 2.1 Fire Magic
 + Level 2.8 Invocations


You had 12 spell levels left.
You didn't know any spells.
Your spell library contained the following spells:

 Spells                   Type           Power      Damage    Failure   Level
 Scorch                   Fire           12%        2d6       24%         2

Inventory:

Missiles
 e - 12 boomerangs (quivered)
Armour
 a - a +0 robe (worn)
 f - a +0 kite shield (worn)
 h - the +0 mask of the Dragon (worn) {Will+ Slay+3 SInv}
   (You acquired it on level 9 of the Dungeon)

   Slay:      It affects your accuracy & damage with ranged weapons and melee
   (+3).
   SInv:      It lets you see invisible.
   Will:      It increases your willpower.
 n - the +5 cloak of Makhleb's Inspiration (worn) {Str+5 Int+4}
   (You acquired it on level 9 of the Dungeon)

   Str:       It affects your strength (+5).
   Int:       It affects your intelligence (+4).
Jewellery
 j - a +4 ring of protection (left claw)
 k - a +6 ring of strength (right claw)
 m - an amulet of reflection (around neck)
Scrolls
 c - 4 scrolls of identify
 l - 2 scrolls of enchant weapon
Potions
 b - 6 potions of curing
 d - a potion of resistance
 g - a potion of haste
 i - a potion of cancellation
 q - a potion of mutation

Dungeon Overview and Level Annotations

Branches:
Dungeon (11/15)            Temple (1/1) D:6            Lair (1/5) D:11
  Sewer (visited)
    Orc: D:9-12

Altars:
Ashenzari
Cheibriados
Dithmenos
Elyvilon
Fedhas
Gozag
Hepliaklqana
Kikubaaqudgha
Makhleb
Nemelex Xobeh
Okawaru
Qazlal
Ru
Sif Muna
Trog
Uskayaw
Vehumet
Wu Jian
Xom
Yredelemnul
Zin
The Shining One

Shops:
D:2 (   D:5 *

Annotations:
D:4 1 runed translucent door, Crazy Yiuf


Message History

You block the black mamba's attack. x2
You mangle the black mamba!!
You kill the black mamba!
Okawaru accepts your kill.
You feel extremely sick.
The black mamba bites you but does no damage.
Your base Shields skill increases to level 10!
Your Invocations skill increases to level 2!
You eviscerate the black mamba!!!
You kill the black mamba!
Okawaru is honoured by your kill.
You feel very sick.
You mangle the black mamba!!
The black mamba is almost dead.
You feel very sick. You block the black mamba's attack.
The wyvern hisses menacingly.
You block the black mamba's attack.
You miss the black mamba.
The black mamba is almost dead.
You feel very sick. You block the black mamba's attack.
You eviscerate the black mamba!!!
You kill the black mamba!
Okawaru is honoured by your kill.
You feel like a meek peon again.
You feel very sick.
9640 ||| INVOKING Heroism.
You fail to use your ability.
You feel very sick.
The rime drake bites you but does no damage.
9641 ||| INVOKING Heroism.
You gain the combat prowess of a mighty hero.
You feel very sick. You block the rime drake's attack.
You claw the rime drake!
The rime drake is moderately wounded.
You feel sick. The rime drake bites you.
You claw the rime drake!
The rime drake is severely wounded.
You die...

############ ########
##.##.PP#.#.###...##.#####.P
............................
..........P##.#P###S........
.#..#.....#######klS........
##.###...####.P#@#.S...#..##
....##>...#.....###l..#####
.....#..........###SS.##...
..........##....##SSS......
#.#..#...###+######...##...
#...##...# ##...# ##P
.......... +.####....#.##...
...........
.......l.........
...........
......%.%........


You could see a rime drake, 2 water moccasins and a wyvern.

Vanquished Creatures
  A boulder beetle (D:11)
  4 two-headed ogres
  Pikel (D:6)
  4 black mambas (Lair:2)
  A cane toad (Lair:1)
  2 rime drakes
  A komodo dragon (D:10)
  A troll (D:11)
  2 hornets
  A shadow (D:10)
  A wyvern (Lair:2)
  3 yaks (D:8)
  An acid dragon (D:11)
  Edmund (D:5)
  2 water moccasins
  8 orc warriors
  2 ice beasts
  2 black bears (D:6)
  2 ogres (D:7)
  4 wolves (Lair:2)
  2 centaurs
  3 lemures (D:6)
  A phantom (D:6)
  5 kobold brigands
  A bullfrog (D:8)
  A gnoll sergeant (D:10)
  A necrophage (D:5)
  4 scorpions
  7 wights
  6 killer bees (D:10)
  A howler monkey (D:9)
  4 hounds
  A jelly (D:6)
  5 orc priests
  2 gnoll boudas
  7 orc wizards
  A hound zombie (D:3)
  Robin (D:3)
  14 gnolls
  11 adders
  2 river rats (Sewer)
  2 shadow imps
  2 white imps
  An adder zombie (D:3)
  A worm (D:2)
  A dart slug (D:3)
  50 orcs
  10 endoplasms
  3 giant cockroaches
  18 goblins
  8 hobgoblins
  6 jackals
  27 kobolds
  4 quokkas
  6 ball pythons
  8 bats
  4 frilled lizards
  A quokka zombie (D:3)
  7 rats
283 creatures vanquished.

Vanquished Creatures (others)
  A shadow (D:11)
  A fungus (Lair:2)
  6 plants (Lair:2)
8 creatures vanquished.

Grand Total: 291 creatures vanquished

Notes
Turn   | Place    | Note
-------+----------+-------------------------------------------
     0 | D:1      | qw the Troll Cinder Acolyte began the quest for the Orb.
     0 | D:1      | Reached XP level 1. HP: 22/22 MP: 1/1
     0 | D:1      | 0 ||| qw: Version: 0.1-a-97-g2dd2ca4
     0 | D:1      | 0 ||| qw: Game counter: 4518
     0 | D:1      | 0 ||| qw: Always use a shield: true
     0 | D:1      | 0 ||| qw: God list: Okawaru
     0 | D:1      | 0 ||| qw: Allow faded altars: false
     0 | D:1      | 0 ||| qw: Do Orc after D:15 true
     0 | D:1      | 0 ||| qw: Do second Lair branch before Depths: true
     0 | D:1      | 0 ||| qw: Lair rune preference: random
     0 | D:1      | 0 ||| qw: Plans: Normal
     0 | D:1      | 0 ||| PLANNING D:1-11
    13 | D:1      | 13 ||| READING scroll labelled DADUFE YRURGH.
    14 | D:1      | 14 ||| Stepping ~*~*~tactically~*~*~ (stealth).
   137 | D:1      | Reached XP level 2. HP: 29/29 MP: 2/2
   279 | D:1      | 279 ||| Stepping ~*~*~tactically~*~*~ (outnumbered).
   335 | D:1      | Reached skill level 4 in Unarmed Combat
   514 | D:1      | Reached XP level 3. HP: 36/36 MP: 3/3
   514 | D:1      | Found a faded altar of an unknown god.
   913 | D:1      | 913 ||| READING scroll labelled GAAG AGHET.
   914 | D:1      | 914 ||| READING scroll labelled RAMYIG IDUOCI.
   948 | D:2      | Found Latzypor's Weapon Emporium.
   955 | D:2      | 955 ||| Stepping ~*~*~tactically~*~*~ (stealth).
  1143 | D:2      | 1143 ||| Stepping ~*~*~tactically~*~*~ (stealth).
  1144 | D:2      | 1144 ||| Stepping ~*~*~tactically~*~*~ (stealth).
  1148 | D:2      | 1148 ||| Stepping ~*~*~tactically~*~*~ (outnumbered).
  1345 | D:2      | Reached skill level 5 in Unarmed Combat
  1345 | D:2      | Reached XP level 4. HP: 35/44 MP: 4/4
  1374 | D:2      | 1374 ||| READING scroll labelled DUSI VUEHEES.
  1375 | D:2      | 1375 ||| READING 2 scrolls labelled TETHUXKODU.
  1376 | D:2      | 1376 ||| READING 2 scrolls labelled GIOGI UCEHEYB.
  1377 | D:2      | 1377 ||| DRINKING 2 murky amethyst potions.
  1378 | D:2      | 1378 ||| READING 3 scrolls of identify.
  1378 | D:2      | 1378 ||| IDENTIFYING ruby potion
  1379 | D:2      | 1379 ||| READING 2 scrolls of identify.
  1379 | D:2      | 1379 ||| IDENTIFYING yellow potion
  1380 | D:2      | 1380 ||| DROPPING potion of attraction.
  1381 | D:2      | 1381 ||| DROPPING potion of lignification.
  1382 | D:2      | 1382 ||| DROPPING scroll of vulnerability.
  1383 | D:2      | 1383 ||| DROPPING scroll of noise.
  1402 | D:3      | 1402 ||| PLANNING SEWER
  1446 | D:3      | 1446 ||| Stepping ~*~*~tactically~*~*~ (hiding).
  1448 | D:3      | Noticed Robin
  1449 | D:3      | 1449 ||| Stepping ~*~*~tactically~*~*~ (stealth).
  1450 | D:3      | 1450 ||| Stepping ~*~*~tactically~*~*~ (stealth).
  1452 | D:3      | 1452 ||| Stepping ~*~*~tactically~*~*~ (hiding).
  1453 | D:3      | 1453 ||| Stepping ~*~*~tactically~*~*~ (hiding).
  1484 | D:3      | 1484 ||| Stepping ~*~*~tactically~*~*~ (stealth).
  1489 | D:3      | 1489 ||| INVOKING Fiery Armour.
  1493 | D:3      | 1493 ||| Stepping ~*~*~tactically~*~*~ (outnumbered).
  1497 | D:3      | 1497 ||| Stepping ~*~*~tactically~*~*~ (outnumbered).
  1504 | D:3      | Killed Robin
  1588 | D:3      | Found a glowing drain.
  1589 | D:3      | 1589 ||| UPGRADING to +0 cloak.
  1635 | Sewer    | Entered a sewer
  1640 | Sewer    | Reached XP level 5. HP: 50/50 MP: 5/5
  1703 | Sewer    | 1703 ||| Stepping ~*~*~tactically~*~*~ (stealth).
  1714 | Sewer    | 1714 ||| INVOKING Fiery Armour.
  1715 | Sewer    | Reached skill level 6 in Unarmed Combat
  1715 | Sewer    | HP: 12/50 [kobold/+0 whip (2)]
  1718 | Sewer    | Reached XP level 6. HP: 13/59 MP: 6/6
  1780 | Sewer    | Found a glowing silver altar of Zin.
  1819 | D:3      | 1819 ||| PLANNING D:1-11
  2145 | D:3      | Reached skill level 7 in Unarmed Combat
  2147 | D:3      | Found a basalt altar of Yredelemnul.
  2333 | D:3      | 2333 ||| READING scroll labelled PINWOU VUOME.
  2337 | D:3      | 2337 ||| READING scroll labelled APNOLOTHRUR.
  2338 | D:3      | 2338 ||| READING 2 scrolls of identify.
  2338 | D:3      | 2338 ||| IDENTIFYING clear potion
  2396 | D:4      | Found a snail-covered altar of Cheibriados.
  2399 | D:4      | 2399 ||| Stepping ~*~*~tactically~*~*~ (stealth).
  2401 | D:4      | 2401 ||| Stepping ~*~*~tactically~*~*~ (stealth).
  2402 | D:4      | 2402 ||| INVOKING Fiery Armour.
  2405 | D:4      | 2405 ||| Stepping ~*~*~tactically~*~*~ (outnumbered).
  2406 | D:4      | 2406 ||| Stepping ~*~*~tactically~*~*~ (outnumbered).
  2407 | D:4      | 2407 ||| Stepping ~*~*~tactically~*~*~ (outnumbered).
  2409 | D:4      | 2409 ||| Stepping ~*~*~tactically~*~*~ (outnumbered).
  2416 | D:4      | 2416 ||| Stepping ~*~*~tactically~*~*~ (outnumbered).
  2417 | D:4      | 2417 ||| Stepping ~*~*~tactically~*~*~ (outnumbered).
  2418 | D:4      | 2418 ||| Stepping ~*~*~tactically~*~*~ (outnumbered).
  2419 | D:4      | 2419 ||| Stepping ~*~*~tactically~*~*~ (outnumbered).
  2422 | D:4      | 2422 ||| Stepping ~*~*~tactically~*~*~ (outnumbered).
  2640 | D:4      | 2640 ||| Stepping ~*~*~tactically~*~*~ (stealth).
  2704 | D:4      | Found a sacrificial altar of Ru.
  2705 | D:4      | Found a broken altar of Ashenzari.
  2706 | D:4      | Found a shadowy altar of Dithmenos.
  2853 | D:4      | 2853 ||| Stepping ~*~*~tactically~*~*~ (stealth).
  2890 | D:4      | 2890 ||| Stepping ~*~*~tactically~*~*~ (outnumbered).
  2891 | D:4      | 2891 ||| Stepping ~*~*~tactically~*~*~ (outnumbered).
  2892 | D:4      | 2892 ||| Stepping ~*~*~tactically~*~*~ (outnumbered).
  2895 | D:4      | 2895 ||| Stepping ~*~*~tactically~*~*~ (outnumbered).
  2896 | D:4      | 2896 ||| Stepping ~*~*~tactically~*~*~ (outnumbered).
  2897 | D:4      | 2897 ||| Stepping ~*~*~tactically~*~*~ (outnumbered).
  2898 | D:4      | 2898 ||| Stepping ~*~*~tactically~*~*~ (outnumbered).
  2899 | D:4      | 2899 ||| Stepping ~*~*~tactically~*~*~ (outnumbered).
  2999 | D:4      | 2999 ||| Stepping ~*~*~tactically~*~*~ (stealth).
  3150 | D:4      | Found a runed translucent door.
  3151 | D:4      | Noticed Crazy Yiuf
  3357 | D:4      | 3357 ||| READING 2 scrolls labelled GAIRGH TOMUUSY.
  3358 | D:4      | 3358 ||| READING 3 scrolls of identify.
  3358 | D:4      | 3358 ||| IDENTIFYING golden potion
  3359 | D:4      | 3359 ||| DROPPING potion of berserk rage.
  3360 | D:4      | 3360 ||| DROPPING scroll of blinking.
  3403 | D:5      | Entered Level 5 of the Dungeon
  3403 | D:5      | Noticed Edmund
  3416 | D:5      | Killed Edmund
  3417 | D:5      | Reached skill level 8 in Unarmed Combat
  3417 | D:5      | Reached XP level 7. HP: 62/66 MP: 7/7
  3534 | D:5      | Reached skill level 3 in Fighting
  3729 | D:5      | Found Utuhod's General Store.
  3871 | D:5      | 3871 ||| READING scroll labelled YBBIPUFIAS.
  4109 | D:5      | 4109 ||| READING 3 scrolls of teleportation.
  4110 | D:5      | 4110 ||| STAIRDANCE
  4197 | D:6      | 4197 ||| STAIRDANCE
  4199 | D:5      | 4199 ||| Stepping ~*~*~tactically~*~*~ (outnumbered).
  4200 | D:5      | 4200 ||| Stepping ~*~*~tactically~*~*~ (outnumbered).
  4219 | D:6      | 4219 ||| STAIRDANCE
  4229 | D:5      | 4229 ||| INVOKING Fiery Armour.
  4287 | D:6      | 4287 ||| STAIRDANCE
  4294 | D:6      | 4294 ||| STAIRDANCE
  4309 | D:6      | 4309 ||| STAIRDANCE
  4315 | D:6      | 4315 ||| STAIRDANCE
  4323 | D:6      | 4323 ||| STAIRDANCE
  4329 | D:5      | Reached skill level 9 in Unarmed Combat
  4365 | D:6      | 4365 ||| STAIRDANCE
  4407 | D:6      | Reached skill level 1 in Dodging
  4407 | D:6      | Reached XP level 8. HP: 75/75 MP: 8/8
  4490 | D:6      | Found a staircase to the Ecumenical Temple.
  4558 | D:6      | 4558 ||| Stepping ~*~*~tactically~*~*~ (stealth).
  4583 | D:6      | Found a burning altar of Makhleb.
  4583 | D:6      | Noticed a green death
  4653 | D:6      | 4653 ||| Stepping ~*~*~tactically~*~*~ (hiding).
  4653 | D:6      | Noticed a hornet
  4656 | D:6      | 4656 ||| DRINKING 4 potions of curing.
  4656 | D:6      | 4656 ||| (to cure confusion)
  4661 | D:6      | 4661 ||| Stepping ~*~*~tactically~*~*~ (outnumbered).
  4676 | D:6      | 4676 ||| Stepping ~*~*~tactically~*~*~ (stealth).
  4685 | D:6      | 4685 ||| INVOKING Fiery Armour.
  4686 | D:6      | HP: 13/75 [poisoned by a hornet]
  4686 | D:6      | Paralysed by a hornet for 1 turns
  4687 | D:6      | 4687 ||| DRINKING 3 potions of curing.
  4687 | D:6      | 4687 ||| (to cure confusion)
  4688 | D:6      | Killed a hornet
  4689 | D:6      | Reached skill level 10 in Unarmed Combat
  5088 | D:6      | 5088 ||| Stepping ~*~*~tactically~*~*~ (stealth).
  5091 | D:6      | 5091 ||| Stepping ~*~*~tactically~*~*~ (stealth).
  5148 | D:6      | 5148 ||| READING scroll labelled JIRAAF XO KIE.
  5149 | D:6      | 5149 ||| READING scroll labelled QIDUZO OMALO.
  5150 | D:6      | 5150 ||| READING 2 scrolls of teleportation.
  5197 | D:6      | Noticed Pikel
  5203 | D:6      | 5203 ||| Stepping ~*~*~tactically~*~*~ (stealth).
  5206 | D:6      | Killed Pikel
  5207 | D:6      | Reached skill level 11 in Unarmed Combat
  5207 | D:6      | Reached XP level 9. HP: 78/84 MP: 9/9
  5307 | D:6      | 5307 ||| READING scroll of teleportation.
  5344 | D:6      | 5344 ||| Stepping randomly (stuck).
  5365 | D:6      | 5365 ||| Stepping randomly (stuck).
  5366 | D:6      | 5366 ||| Stepping randomly (stuck).
  5368 | D:6      | 5368 ||| Stepping randomly (stuck).
  5369 | D:6      | 5369 ||| Stepping randomly (stuck).
  5370 | D:6      | 5370 ||| Stepping randomly (stuck).
  5371 | D:6      | 5371 ||| Stepping randomly (stuck).
  5374 | D:6      | 5374 ||| Stepping randomly (stuck).
  5378 | D:6      | 5378 ||| Stepping randomly (stuck).
  5379 | D:6      | 5379 ||| Stepping randomly (stuck).
  5380 | D:6      | 5380 ||| Stepping randomly (stuck).
  5381 | D:6      | 5381 ||| Stepping randomly (stuck).
  5382 | D:6      | 5382 ||| Stepping randomly (stuck).
  5383 | D:6      | 5383 ||| Stepping randomly (stuck).
  5422 | D:5      | 5422 ||| BUYING +0 kite shield (49 gold).
  5422 | D:5      | Bought a +0 kite shield for 49 gold pieces
  5422 | D:5      | 5422 ||| BUYING +2 cloak of the Cartwright {Regen+} (236
                  | gold).
  5422 | D:5      | Bought the +2 cloak of the Cartwright {Regen+} for 236 gold
                  | pieces
  5422 | D:5      | 5422 ||| SHOPLISTING +2 shield of Resistance {rF++ rC++
                  | Will++} (775 gold, have 61).
  5422 | D:5      | 5422 ||| SHOPLISTING potion of haste (110 gold, have 61).
  5422 | D:5      | 5422 ||| UPGRADING to +0 kite shield.
  5427 | D:5      | 5427 ||| UPGRADING to +2 cloak of the Cartwright {Regen+}.
  5437 | D:5      | 5437 ||| DROPPING +0 cloak.
  5476 | D:7      | 5476 ||| Stepping ~*~*~tactically~*~*~ (stealth).
  5478 | D:7      | 5478 ||| Stepping ~*~*~tactically~*~*~ (hiding).
  5483 | D:7      | 5483 ||| Stepping ~*~*~tactically~*~*~ (outnumbered).
  5484 | D:7      | 5484 ||| Stepping ~*~*~tactically~*~*~ (outnumbered).
  5495 | D:7      | 5495 ||| INVOKING Fiery Armour.
  5497 | D:7      | Reached skill level 1 in Shields
  5497 | D:7      | HP: 20/84 [poisoned by a gnoll]
  5498 | D:7      | 5498 ||| DRINKING potion of heal wounds.
  5623 | D:7      | Reached skill level 3 in Shields
  5648 | D:7      | 5648 ||| Stepping ~*~*~tactically~*~*~ (hiding).
  5649 | D:7      | 5649 ||| Stepping ~*~*~tactically~*~*~ (hiding).
  5650 | D:7      | 5650 ||| INVOKING Fiery Armour.
  5653 | D:7      | 5653 ||| Stepping ~*~*~tactically~*~*~ (outnumbered).
  5673 | D:7      | 5673 ||| Stepping ~*~*~tactically~*~*~ (outnumbered).
  5886 | D:7      | 5886 ||| READING scroll labelled GUITAL XAYSSU.
  5887 | D:7      | 5887 ||| READING 4 scrolls of identify.
  5887 | D:7      | 5887 ||| IDENTIFYING green potion
  5902 | D:8      | Identified the +0 pair of boots "Caos" {rF+++ rC- Regen+
                  | Int-2}
  5905 | D:8      | Noticed a two-headed ogre
  5913 | D:8      | 5913 ||| INVOKING Fiery Armour.
  5915 | D:8      | HP: 8/84 [two-headed ogre/+0 giant spiked club (23)]
  5915 | D:8      | HP: 2/84 [two-headed ogre/+0 giant spiked club (6)]
  5916 | D:8      | 5916 ||| DRINKING potion of heal wounds.
  5917 | D:8      | Killed a two-headed ogre
  6016 | D:8      | Noticed a two-headed ogre
  6024 | D:8      | HP: 13/84 [two-headed ogre/+0 giant club (19)]
  6025 | D:8      | 6025 ||| DRINKING potion of heal wounds.
  6026 | D:8      | Killed a two-headed ogre
  6027 | D:8      | Reached XP level 10. HP: 43/93 MP: 10/10
  6414 | D:8      | Found a bloodstained altar of Trog.
  6428 | D:8      | Reached skill level 1 in Throwing
  6429 | D:8      | 6429 ||| Stepping ~*~*~tactically~*~*~ (outnumbered).
  6430 | D:8      | 6430 ||| Stepping ~*~*~tactically~*~*~ (outnumbered).
  6431 | D:8      | 6431 ||| Stepping ~*~*~tactically~*~*~ (outnumbered).
  6432 | D:8      | 6432 ||| Stepping ~*~*~tactically~*~*~ (outnumbered).
  6443 | D:8      | Found a glowing golden altar of the Shining One.
  6487 | D:8      | 6487 ||| Stepping ~*~*~tactically~*~*~ (outnumbered).
  6721 | D:8      | 6721 ||| UPGRADING to amulet of reflection.
  6726 | D:8      | 6726 ||| UPGRADING to +4 ring of protection.
  6727 | D:8      | 6727 ||| UPGRADING to +6 ring of strength.
  6783 | D:9      | 6783 ||| Stepping ~*~*~tactically~*~*~ (hiding).
  6894 | D:9      | 6894 ||| Stepping ~*~*~tactically~*~*~ (stealth).
  6895 | D:9      | 6895 ||| Stepping ~*~*~tactically~*~*~ (stealth).
  6920 | D:9      | 6920 ||| Stepping ~*~*~tactically~*~*~ (stealth).
  6923 | D:9      | 6923 ||| INVOKING Fiery Armour.
  6925 | D:9      | 6925 ||| Stepping ~*~*~tactically~*~*~ (outnumbered).
  6926 | D:9      | 6926 ||| Stepping ~*~*~tactically~*~*~ (outnumbered).
  6928 | D:9      | 6928 ||| Stepping ~*~*~tactically~*~*~ (outnumbered).
  7041 | D:9      | Noticed a two-headed ogre
  7050 | D:9      | Killed a two-headed ogre
  7123 | D:9      | 7123 ||| INVOKING Fiery Armour.
  7129 | D:9      | 7129 ||| Stepping ~*~*~tactically~*~*~ (outnumbered).
  7130 | D:9      | 7130 ||| Stepping ~*~*~tactically~*~*~ (outnumbered).
  7131 | D:9      | 7131 ||| Stepping ~*~*~tactically~*~*~ (hiding).
  7142 | D:9      | Reached skill level 9 in Shields
  7142 | D:9      | 7142 ||| Stepping ~*~*~tactically~*~*~ (outnumbered).
  7148 | D:9      | 7148 ||| FLEEEEING.
  7149 | D:9      | 7149 ||| FLEEEEING.
  7150 | D:9      | 7150 ||| FLEEEEING.
  7151 | D:9      | 7151 ||| FLEEEEING.
  7152 | D:9      | 7152 ||| FLEEEEING.
  7153 | D:9      | 7153 ||| FLEEEEING.
  7156 | D:9      | 7156 ||| Stepping ~*~*~tactically~*~*~ (outnumbered).
  7157 | D:9      | 7157 ||| Stepping ~*~*~tactically~*~*~ (outnumbered).
  7158 | D:9      | 7158 ||| Stepping ~*~*~tactically~*~*~ (outnumbered).
  7159 | D:9      | 7159 ||| STAIRDANCE
  7161 | D:8      | 7161 ||| Stepping ~*~*~tactically~*~*~ (outnumbered).
  7162 | D:8      | 7162 ||| Stepping ~*~*~tactically~*~*~ (outnumbered).
  7163 | D:8      | 7163 ||| Stepping ~*~*~tactically~*~*~ (outnumbered).
  7164 | D:8      | 7164 ||| Stepping ~*~*~tactically~*~*~ (outnumbered).
  7165 | D:8      | 7165 ||| Stepping ~*~*~tactically~*~*~ (outnumbered).
  7176 | D:9      | 7176 ||| STAIRDANCE
  7181 | D:9      | 7181 ||| STAIRDANCE
  7196 | D:9      | 7196 ||| STAIRDANCE
  7203 | D:9      | 7203 ||| STAIRDANCE
  7221 | D:9      | 7221 ||| Stepping ~*~*~tactically~*~*~ (stealth).
  7224 | D:9      | 7224 ||| Stepping ~*~*~tactically~*~*~ (stealth).
  7291 | D:9      | 7291 ||| INVOKING Fiery Armour.
  7292 | D:9      | 7292 ||| Stepping ~*~*~tactically~*~*~ (stealth).
  7338 | D:9      | Found an opulent altar of Gozag.
  7512 | D:9      | 7512 ||| FLEEEEING.
  7513 | D:9      | 7513 ||| FLEEEEING.
  7517 | D:9      | 7517 ||| FLEEEEING.
  7518 | D:9      | 7518 ||| FLEEEEING.
  7519 | D:9      | 7519 ||| FLEEEEING.
  7520 | D:9      | 7520 ||| FLEEEEING.
  7521 | D:9      | 7521 ||| FLEEEEING.
  7531 | D:9      | 7531 ||| Stepping ~*~*~tactically~*~*~ (stealth).
  7533 | D:9      | 7533 ||| Stepping ~*~*~tactically~*~*~ (hiding).
  7534 | D:9      | 7534 ||| Stepping ~*~*~tactically~*~*~ (hiding).
  7782 | D:9      | 7782 ||| READING 3 scrolls labelled NOHEOMMU SOXZI.
  7782 | D:9      | Identified 3 scrolls of acquirement
  7782 | D:9      | 7782 ||| ACQUIRING +5 cloak of Makhleb's Inspiration {Str+5
                  | Int+4}
  7782 | D:9      | Acquired the +5 cloak of Makhleb's Inspiration {Str+5
                  | Int+4}
  7784 | D:9      | 7784 ||| UPGRADING to +5 cloak of Makhleb's Inspiration
                  | {Str+5 Int+4}.
  7794 | D:9      | 7794 ||| DROPPING +2 cloak of the Cartwright {Regen+}.
  7795 | D:9      | 7795 ||| READING 2 scrolls of acquirement.
  7795 | D:9      | 7795 ||| ACQUIRING +0 mask of the Dragon {Will+ Slay+3
                  | SInv}
  7795 | D:9      | Acquired the +0 mask of the Dragon {Will+ Slay+3 SInv}
  7795 | D:9      | Found the +0 mask of the Dragon {Will+ Slay+3 SInv}
  7797 | D:9      | 7797 ||| UPGRADING to +0 mask of the Dragon {Will+ Slay+3
                  | SInv}.
  7802 | D:9      | 7802 ||| READING scroll of acquirement.
  7802 | D:9      | 7802 ||| ACQUIRING 687 gold pieces
  7802 | D:9      | Acquired 687 gold pieces
  7814 | D:10     | Entered Level 10 of the Dungeon
  7820 | D:10     | Reached skill level 12 in Unarmed Combat
  7820 | D:10     | 7820 ||| STAIRDANCE
  7966 | D:10     | 7966 ||| Stepping ~*~*~tactically~*~*~ (hiding).
  7971 | D:10     | 7971 ||| Stepping ~*~*~tactically~*~*~ (outnumbered).
  7975 | D:10     | 7975 ||| Stepping ~*~*~tactically~*~*~ (outnumbered).
  8127 | D:10     | Noticed a two-headed ogre
  8133 | D:10     | Killed a two-headed ogre
  8246 | D:10     | Found an ornate altar of the Wu Jian Council.
  8303 | D:10     | 8303 ||| INVOKING Fiery Armour.
  8306 | D:10     | Reached XP level 11. HP: 104/104 MP: 11/11
  8306 | D:10     | 8306 ||| Stepping ~*~*~tactically~*~*~ (outnumbered).
  8310 | D:10     | 8310 ||| Stepping ~*~*~tactically~*~*~ (outnumbered).
  8336 | D:10     | 8336 ||| Stepping ~*~*~tactically~*~*~ (hiding).
  8601 | D:10     | 8601 ||| READING scroll labelled HAISHROQOSE.
  8602 | D:10     | 8602 ||| READING 5 scrolls of identify.
  8602 | D:10     | 8602 ||| IDENTIFYING fizzy grey potion
  8767 | D:11     | Noticed a boulder beetle
  8768 | D:11     | 8768 ||| INVOKING Fiery Armour.
  8798 | D:11     | Killed a boulder beetle
  8799 | D:11     | Reached skill level 13 in Unarmed Combat
  8940 | D:11     | Found a staircase to the Lair.
  8941 | D:11     | 8941 ||| PLANNING TEMPLE
  8952 | D:11     | Reached skill level 1 in Armour
  9241 | Temple   | Entered the Ecumenical Temple
  9290 | Temple   | 9290 ||| PLANNING CONVERSION TO OKAWARU
  9297 | Temple   | Fell from the grace of Ignis
  9297 | Temple   | Became a worshipper of Warmaster Okawaru
  9298 | Temple   | 9298 ||| PLANNING LAIR
  9493 | Lair:1   | Entered Level 1 of the Lair of Beasts
  9538 | Lair:1   | You fall into a shaft and drop 1 floor!
  9606 | Lair:2   | 9606 ||| Stepping ~*~*~tactically~*~*~ (hiding).
  9607 | Lair:2   | 9607 ||| Stepping ~*~*~tactically~*~*~ (outnumbered).
  9609 | Lair:2   | Reached * piety under Okawaru
  9610 | Lair:2   | 9610 ||| INVOKING Heroism.
  9617 | Lair:2   | Reached skill level 1 in Invocations
  9621 | Lair:2   | 9621 ||| Stepping ~*~*~tactically~*~*~ (outnumbered).
  9622 | Lair:2   | 9622 ||| Stepping ~*~*~tactically~*~*~ (outnumbered).
  9622 | Lair:2   | HP: 26/104 [black mamba (1)]
  9623 | Lair:2   | 9623 ||| DRINKING 4 potions of heal wounds.
  9624 | Lair:2   | 9624 ||| INVOKING Heroism.
  9625 | Lair:2   | 9625 ||| Stepping ~*~*~tactically~*~*~ (outnumbered).
  9626 | Lair:2   | 9626 ||| Stepping ~*~*~tactically~*~*~ (outnumbered).
  9627 | Lair:2   | 9627 ||| Stepping ~*~*~tactically~*~*~ (outnumbered).
  9627 | Lair:2   | HP: 22/104 [rime drake/flash freeze (11)]
  9628 | Lair:2   | 9628 ||| DRINKING 3 potions of heal wounds.
  9629 | Lair:2   | 9629 ||| DRINKING 2 potions of heal wounds.
  9630 | Lair:2   | 9630 ||| Stepping ~*~*~tactically~*~*~ (outnumbered).
  9631 | Lair:2   | 9631 ||| Stepping ~*~*~tactically~*~*~ (outnumbered).
  9632 | Lair:2   | 9632 ||| Stepping ~*~*~tactically~*~*~ (outnumbered).
  9633 | Lair:2   | 9633 ||| Stepping ~*~*~tactically~*~*~ (outnumbered).
  9633 | Lair:2   | HP: 24/104 [poisoned by a black mamba]
  9634 | Lair:2   | 9634 ||| DRINKING potion of heal wounds.
  9636 | Lair:2   | Reached ** piety under Okawaru
  9638 | Lair:2   | HP: 15/104 [poisoned by a black mamba]
  9640 | Lair:2   | 9640 ||| INVOKING Heroism.
  9641 | Lair:2   | 9641 ||| INVOKING Heroism.
  9641 | Lair:2   | HP: 7/104 [poisoned by a black mamba]
  9642 | Lair:2   | HP: 1/104 [rime drake (5)]
  9643 | Lair:2   | Succumbed to a black mamba's poison

Levels and vault maps discovered:
D:1:      spicycebolla_green_bress_n_ham_2, layout_basic,
          hellmonk_ecumenical_altar_dog_temple, kennysheep_another_room
D:2:      layout_rooms, serial_shops, nicolae_shop_bloodbath_and_beyond
D:3:      layout_basic, nicolae_yredelemnul_corpse_copse, portal_sewer_entry_a,
          uniq_robin
D:4:      layout_basic, grunt_temple_overflow_open, minmay_misc_feat_ornament,
          minivault_14, minmay_misc_feat_nine_boxes, uniq_crazy_yiuf_cottage
D:5:      layout_cave_pools, serial_shops, nicolae_take_the_stairs,
          minmay_misc_feat_more_columns, uniq_edmund
D:6:      layout_basic, makhleb_altar_promises_db, lemuel_temple_firewalk_b,
          serial_co_window_serial, co_window_paths_a, co_window_paths_a,
          co_window_of_opportunity_a, co_window_paths_a, co_window_paths_a,
          co_window_corner_ca, co_window_2corner, co_window_2corner,
          glass_columns_a, glass_columns_a, glass_columns_a, glass_columns_a,
          glass_columns_a, uniq_pikel
D:7:      layout_basic
D:8:      layout_basic, mainiacjoe_overflow_big_doors, serial_park_tiny_2,
          patterned_corridor
D:9:      layout_roguey [special_room_orc],
          nicolae_gozag_cash_rules_everything_around_me, enter_bailey_4
D:10:     layout_roguey, nicolae_wu_jian_immortal_techniques
D:11:     layout_irregular_city, lair_entry_dummy, serial_shops,
          nicolae_shop_stone, hangedman_stone_soup
Temple:   nicolae_temple_hex_pool
Lair:1:   beast_lair_carwin_large_4, layout_cellular_growth,
          portal_ice_cave_entry_imps
Lair:2:   layout_regular_city, swamp_mist_pool,
          minmay_snake_entry_six_corridors, gammafunk_ghost_ooze,
          grunt_forest_large_clearing_hut, uniq_amaemon

Skill      XL: |  1  2  3  4  5  6  7  8  9 10 11 |
---------------+----------------------------------+-----
Unarmed Combat | 4 5 6 8 9 11 12 13 | 13.1
Fighting       | 3 4 5 |  5.5
Dodging        | 1 |  1.8
Shields        | 7 9 10 | 10.0
Throwing       | 1 |  1.6
Armour         | 1 |  1.0
Invocations    | 2 |  2.8
Spellcasting   | |  1.0
Fire Magic     | |  2.1

Action                   |  1- 3 |  4- 6 |  7- 9 | 10-12 || total
-------------------------+-------+-------+-------+-------++-------
Melee: Unarmed           |   141 |   145 |   200 |   237 ||   723
       Punch             |       |     3 |     2 |       ||     5
Throw: Boomerang         |       |       |     2 |    52 ||    54
Invok: Fiery Armour      |       |     3 |     5 |     5 ||    13
       Heroism           |       |       |       |     3 ||     3
  Use: Scroll            |     3 |    10 |     8 |     5 ||    26
       Potion            |       |     1 |     5 |     4 ||    10
Armor: Robe              |    53 |    62 |    72 |    71 ||   258
Dodge: Dodged            |    60 |    55 |    88 |    49 ||   252
Block: Kite shield       |       |       |    24 |   154 ||   178
       Reflection        |       |       |       |    17 ||    17

Table legend:
 A = Non-vault XP
 B = Vault XP
 C = Vault XP percentage of total XP
 D = Non-vault monster count
 E = Vault monster count
 F = Vault count percentage of total count
                 A         B        C        D         E       F
            +---------+---------+-------+---------+---------+-------
      Total |   13281 |    3646 |  21.5 |     212 |      68 |  24.3
            +---------+---------+-------+---------+---------+-------
        D:1 |      50 |       6 |  10.7 |      31 |       3 |   8.8
        D:2 |      53 |       0 |   0.0 |      15 |       0 |   0.0
        D:3 |      28 |      81 |  74.3 |      10 |      18 |  64.3
        D:4 |     210 |       0 |   0.0 |      27 |       0 |   0.0
        D:5 |     480 |     162 |  25.2 |      12 |       1 |   7.7
        D:6 |    1156 |     629 |  35.2 |      21 |       1 |   4.5
        D:7 |     802 |       0 |   0.0 |      21 |       0 |   0.0
        D:8 |    2673 |     278 |   9.4 |      11 |       9 |  45.0
        D:9 |    1549 |     469 |  23.2 |      26 |      22 |  45.8
       D:10 |    2820 |       0 |   0.0 |      25 |       0 |   0.0
       D:11 |    1451 |       0 |   0.0 |       4 |       0 |   0.0
     Lair:1 |     939 |       0 |   0.0 |       3 |       0 |   0.0
     Lair:2 |    1070 |    1791 |  62.6 |       6 |       4 |  40.0
      Sewer |       0 |     230 | 100.0 |       0 |      10 | 100.0
            +---------+---------+-------+---------+---------+-------
